 Dungeon Crawl Stone Soup version 0.30-a0-726-gd89dcf765f (webtiles) character file.

Game seed: 3015618935247020946

108 M4edhros the Insei (level 4, -3/46 HPs)
             Began as an Octopode Monk on Jan 29, 2023.
             Killed by divine providence
             ... invoked by an orc priest
              (14 damage)
             ... on level 3 of the Dungeon.
             The game lasted 00:01:15 (991 turns).

M4edhros the Insei (Octopode Monk)                   Turns: 991, Time: 00:01:16

Health: -3/46      AC: 22    Str: 10    XL:     4   Next: 87%
Magic:  4/4        EV:  2    Int: 12    God:
Gold:   53         SH:  0    Dex: 16    Spells: 3/3 levels left

rFire   . . .      SeeInvis .      - Unarmed
rCold   . . .      Faith    .    (no shield)
rNeg    . . .      Spirit   .    (helmet currently unavailable)
rPois   +          Reflect  .    (no amulet)
rElec   .          Harm     .    (no ring)
rCorr   .          Rampage  .    (no ring)
Will    .....      NoTele   +    (no ring)
Stlth   +                        (no ring)
HPRegen 0.27/turn                (no ring)
MPRegen 0.09/turn                (no ring)
                                 (no ring)
                                 (no ring)

@: confused, tree-form, ambrosia-drunk
A: stationary, stasis, torment immunity, boosted hp, almost no armour,
(amphibious), 8 rings, (camouflage 1), (gelatinous body 1), (nimble swimmer 1),
(tentacles)
a: no special abilities


You were on level 3 of the Dungeon.
You were a tree.
You visited 1 branch of the dungeon, and saw 3 of its levels.

You collected 53 gold pieces.

Inventory:

Scrolls
 c - a scroll of blinking {unknown}
 d - 2 scrolls of fear {unknown}
Potions
 a - a potion of ambrosia
 e - 2 potions of mutation {unknown}
 f - a potion of degeneration {unknown}
 g - a potion of flight {unknown}


   Skills:
 - Level 3.0 Fighting
 - Level 3.0 Dodging
 - Level 2.6 Stealth
 + Level 5.4 Unarmed Combat


You had 3 spell levels left.
You didn't know any spells.
Your spell library contained the following spells:

 Spells                   Type           Power      Damage    Failure   Level
 Ensorcelled Hibernation  Hex/Ice        0%         N/A       45%         2
 Passwall                 Tmut/Erth      0%         N/A       45%         2
 Scorch                   Fire           0%         2d5       45%         2
 Swiftness                Air            0%         N/A       69%         3
 Flame Wave               Conj/Fire      0%         2d4       97%         4
 Summon Cactus Giant      Summ           0%         N/A       100%        6


Dungeon Overview and Level Annotations

Branches:
Dungeon (3/15)

Altars:


Innate Abilities, Weirdness & Mutations

You are a tree.
Your roots penetrate the ground, keeping you stationary.
You cannot be teleported.
You are immune to unholy pain and torment.
Your maximum health is greatly increased.
You cannot wear most types of armour.
((You are amphibious.))
You can wear up to eight rings at the same time.
((Your skin changes colour to match your surroundings (Stealth+).))
((Your rubbery body absorbs attacks. (AC +1, EV +1)))
((You are camouflaged when in or above water. (Stealth+)))
((You have tentacles for arms and can constrict up to eight enemies at once.))


Message History

The orc wizard gestures at you while chanting.
The magic dart hits you.
It was a potion of lignification.
You turn into a tree.
Your roots penetrate the ground.
You swing at nothing.
You smack the orc!
You kill the orc!
You smack the orc!
You kill the orc!
You swing at nothing.
You hit the orc priest.
The orc priest is lightly wounded.
The orc priest invokes the aid of Beogh against you.
Beogh smites you!
You smack the orc priest!
The orc priest is severely wounded.
The orc priest hits you but does no damage.
You hit the orc priest but do no damage.
The orc priest is severely wounded.
The orc priest calls down the wrath of Beogh upon you.
Beogh smites you!
You hit the orc priest but do no damage.
The orc priest is severely wounded.
The orc priest mumbles some strange prayers to Beogh against you.
Beogh smites you!
* * * LOW HITPOINT WARNING * * *
You hit the orc priest but do no damage.
The orc priest is severely wounded.
The orc priest hits you but does no damage.
You hit the orc priest but do no damage.
The orc priest is severely wounded.
The orc wizard gestures wildly while chanting.
The orc wizard flickers and vanishes!
Deactivating autopickup; reactivate with Ctrl-A.
The orc priest hits you but does no damage.
You are confused.
You feel invigorated.
The orc priest calls down the wrath of Beogh upon you.
Beogh smites you!
You die...

#.##...# #.# ###
#.# #)#
#)###########
#.).........#
#.#########.######.
#.#########........
#...).††.♣o{o.#
############o.#
..... o.o..#
o...... ~~~..o.
≈≈~.... ~o~....


You could see an orc priest, an orc wizard and an orc.

Vanquished Creatures
  2 orc priests (D:3)
  A worm (D:2)
  2 dart slugs (D:1)
  7 orcs (D:3)
  2 ball pythons (D:1)
  2 bats
  3 endoplasms
  A giant cockroach (D:1)
  2 hobgoblins
  3 jackals (D:3)
  2 kobolds (D:1)
  A quokka (D:1)
  3 frilled lizards
  3 rats (D:1)
34 creatures vanquished.

Notes
Turn   | Place    | Note
-------+----------+-------------------------------------------
     0 | D:1      | M4edhros the Octopode Monk began the quest for the Orb.
     0 | D:1      | Reached XP level 1. HP: 16/16 MP: 1/1
   162 | D:1      | Reached XP level 2. HP: 21/21 MP: 2/2
   536 | D:1      | Reached skill level 4 in Unarmed Combat
   591 | D:2      | Reached XP level 3. HP: 26/26 MP: 3/3
   803 | D:3      | Reached XP level 4. HP: 20/31 MP: 4/4
   809 | D:3      | Reached skill level 5 in Unarmed Combat
   991 | D:3      | Killed from afar by an orc priest

Illustrated notes

Levels and vault maps discovered:
D:1:      psy_arrival_whirlpool, layout_basic, hex_large
D:2:      layout_loops_corners, uniq_crazy_yiuf_cottage
D:3:      lemuel_castle_with_subvaults [lemuel_castle_interior_carwin_3],
          layout_loops_ring, uniq_terence

Skill      XL: |  1  2  3  4 |
---------------+-------------+-----
Unarmed Combat | 4 5 |  5.4
Fighting       | |  3.0
Dodging        | |  3.0
Stealth        | |  2.6

Action                     |  1- 3 |  4- 6 || total
---------------------------+-------+-------++-------
  Melee: Unarmed           |    55 |    31 ||    86
         Constrict         |    11 |     8 ||    19
         Tentacles         |     5 |     6 ||    11
    Use: Potion            |       |     2 ||     2
   Stab: Sleeping          |     4 |       ||     4
 Armour: Skin              |     6 |     3 ||     9
  Dodge: Dodged            |    24 |    10 ||    34

Table legend: (Time is in decaauts)
 A = Elapsed time spent in this place.
 B = Non-inter-level travel time spent in this place.
 C = Inter-level travel time spent in this place.
 D = Time resting spent in this place.
 E = Time spent auto-exploring this place.
 F = Levels seen in this place.
 G = Mean time per level.
                   A        B        C        D        E       F      G
               +--------+--------+--------+--------+--------+-----+--------+
         Total |    982 |    967 |     15 |    147 |    575 |   3 |  327.3 |
       Dungeon |    982 |    967 |     15 |    147 |    575 |   3 |  327.3 |
               +--------+--------+--------+--------+--------+-----+--------+

Top non-repeatable levels by time:
     D:1: 583 daAuts
     D:3: 212 daAuts
     D:2: 186 daAuts
